 Dungeon Crawl Stone Soup version 0.21-a0-278-ga722497 (webtiles) character file.

35 hobthepixie the Grasshopper (level 3, -1/28 HPs)
             Began as a Gnoll Warper on Sept 22, 2017.
             Succumbed to an adder's poison
             ... on level 2 of the Dungeon.
             The game lasted 00:03:30 (1031 turns).

hobthepixie the Grasshopper (Gnoll Warper)          Turns: 1031, Time: 00:03:31

Health: -1/28      AC:  3    Str:  7    XL:     3   Next: 33%
Magic:  7/7        EV: 12    Int:  7    God:
Gold:   73         SH:  0    Dex:  7    Spells: 4/8 levels left

rFire    . . .     SeeInvis .   a - +0 mace
rCold    . . .     Gourm    .   (no shield)
rNeg     . . .     Faith    .   b - +0 leather armour
rPois    .         Spirit   .   (no helmet)
rElec    .         Reflect  .   (no cloak)
rCorr    .         Harm     .   (no gloves)
MR       .....     Rnd*Rage +   (no boots)
Stlth    +.........             (no amulet)
HPRegen  0.09/turn              (no ring)
MPRegen  0.10/turn              (no ring)

@: lethally poisoned (-1 -> -18), flying (expiring)
A: unchanging attributes, fangs 1, berserk 1, blink, blurry vision 1, mutation
resistance 1, strong nose
a: Blink


You were on level 2 of the Dungeon.
You were hungry.

You visited 1 branch of the dungeon, and saw 2 of its levels.

You collected 73 gold pieces.

Inventory:

Hand Weapons
 a - a +0 mace (weapon)
Missiles
 e - 5 tomahawks of dispersal (quivered)
 h - 5 tomahawks
Armour
 b - a +0 leather armour (worn)
Jewellery
 g - a +5 ring of intelligence {unknown}
Scrolls
 d - a scroll of blinking
 j - a scroll of remove curse {unknown}
 k - 2 scrolls of teleportation {unknown}
 l - a scroll of fog {unknown}
 n - a scroll of noise {unknown}
 o - a scroll of identify {unknown}
Books
 c - a book of Spatial Translocations

   Spells                             Type                      Level
   a - Blink                          Translocation                2
   b - Shroud of Golubria             Charms/Translocation         2
   c - Lesser Beckoning               Translocation                3
   d - Gell's Gravitas                Translocation                3
   e - Teleport Other                 Translocation                3
   f - Passage of Golubria            Translocation                4
Comestibles
 f - a bread ration


   Skills:
 + Level 2.9 Fighting
 * Level 3.4 Maces & Flails
 + Level 1.7 Throwing
 + Level 1.5 Armour
 + Level 3.3 Dodging
 * Level 3.4 Spellcasting
 * Level 0.3 Charms
 * Level 4.1 Translocations


You had 4 spell levels left.
You knew the following spells:

 Your Spells              Type           Power        Failure   Level  Hunger
a - Shroud of Golubria    Chrm/Tloc      #.........   28%         2    ###....
b - Blink                 Tloc           N/A          13%         2    ###....


Dungeon Overview and Level Annotations

Branches:
Dungeon (2/15)

Altars:


Innate Abilities, Weirdness & Mutations

Your physical attributes are unchanging.
You have very sharp teeth.
Your uncanny sense of smell can sniff out nearby items.
You tend to lose your temper in combat.
You can translocate small distances at will.
Scrolls take you a little longer to read.
You are somewhat resistant to further mutation.


Message History

* * * LOW HITPOINT WARNING * * *
You are more poisoned.
The adder poisons you! The adder closely misses you.
You closely miss the adder.
The adder is severely wounded.
* * * LOW HITPOINT WARNING * * *
You feel sick. The bat closely misses you. The bat hits you but does no damage.
The adder bites you.
* * * LOW HITPOINT WARNING * * *
The bat barely misses you.
You miss the adder. Your bite misses the adder.
The adder is severely wounded.
* * * LOW HITPOINT WARNING * * *
You feel sick. The bat hits you but does no damage. The adder bites you.
* * * LOW HITPOINT WARNING * * *
You are more poisoned.
The adder poisons you! The adder misses you. The bat closely misses you.
You hit the adder.
You kill the adder!
You die...

.....#....#.# . ∆
......$..#.#.# #
...?%..#..h#$#
#....#.###S#.#
#....#.###.#.####.
.........h.......
. ...h....h.#####
###†###.###
#.@bh.# #######


You could see 2 jackals and a bat.

Vanquished Creatures
  An adder (D:2)
  An ooze (D:1)
  A ball python (D:1)
  2 goblins (D:1)
  2 hobgoblins
  6 jackals
  2 bats
  A frilled lizard (D:1)
  2 kobolds (D:1)
  A rat (D:1)
19 creatures vanquished.

Notes
Turn   | Place    | Note
-------+----------+-------------------------------------------
     0 | D:1      | hobthepixie the Gnoll Warper began the quest for the Orb.
     0 | D:1      | Reached XP level 1. HP: 17/17 MP: 4/4
   119 | D:1      | Reached XP level 2. HP: 19/23 MP: 6/6
   966 | D:2      | Learned a level 2 spell: Shroud of Golubria
   969 | D:2      | Learned a level 2 spell: Blink
   991 | D:2      | Reached XP level 3. HP: 27/28 MP: 7/7
  1008 | D:2      | Gained mutation: You tend to lose your temper in combat. [potion of mutation]
  1008 | D:2      | Gained mutation: Scrolls take you a little longer to read. [potion of mutation]
  1008 | D:2      | Gained mutation: You can translocate small distances at will. [potion of mutation]
  1008 | D:2      | Gained mutation: You are somewhat resistant to further mutation. [potion of mutation]
  1030 | D:2      | HP: 1/28 [adder (2)]
  1031 | D:2      | Succumbed to an adder's poison

Vault maps used:
D:1:      dpeg_arrival_refuge, patterned_corridor
D:2:      minmay_domino_2, uniq_jessica

Skill      XL: |  1  2 |
---------------+-------+-----
Maces & Flails | 3 |  3.4
Dodging        | 3 |  3.3
Fighting       | |  2.9
Throwing       | |  1.7
Armour         | |  1.5
Spellcasting   | |  3.4
Charms         | |  0.3
Translocations | |  4.1

Action                   || total
-------------------------++-------
Melee: Mace              ||    79
       Bite              ||     3
 Abil: Blink             ||     1
  Use: Potion            ||     3
Armor: Leather armour    ||    53
Dodge: Dodged            ||   116

Table legend:
 A = Spawn XP
 B = Non-spawn XP
 C = Spawn XP percentage of total XP
 D = Spawn monster count
 E = Non-spawn monster count
 F = Spawn count percentage of total count
 G = Total turns spent on level
                    A         B        C        D         E        F      G
               +---------+---------+-------+---------+---------+-------+---------
         Total |       0 |      50 |   0.0 |       0 |      19 |   0.0 |  1031
               +---------+---------+-------+---------+---------+-------+---------
           D:1 |       0 |      29 |   0.0 |       0 |      14 |   0.0 |   940
           D:2 |       0 |      21 |   0.0 |       0 |       5 |   0.0 |    91
               +---------+---------+-------+---------+---------+-------+---------
